 Dungeon Crawl Stone Soup version 0.28-a0-1117-g0bdd5ba030 (webtiles) character file.

Game seed: 5097310625725096958

93 Gwenloh the Insei (level 4, -4/33 HPs)
             Began as a Merfolk Transmuter on Dec 11, 2021.
             Slain by a gnoll (16 damage)
             ... on level 2 of the Dungeon.
             The game lasted 00:04:22 (2846 turns).

Gwenloh the Insei (Merfolk Transmuter)              Turns: 2846, Time: 00:04:22

Health: -4/33      AC:  2    Str: 10    XL:     4   Next: 61%
Magic:  4/7        EV: 13    Int: 14    God:
Gold:   112        SH:  0    Dex: 14    Spells: 1/7 levels left

rFire   . . .      SeeInvis .     - Unarmed
rCold   . . .      Faith    .   (no shield)
rNeg    . . .      Spirit   .   a - +0 robe
rPois   .          Reflect  .   (helmet currently unavailable)
rElec   .          Harm     .   (no cloak)
rCorr   .          Rampage  .   (no gloves)
Will    .....                   (boots currently unavailable)
Stlth   +.........              (no amulet)
HPRegen 0.11/turn               (no ring)
MPRegen 0.10/turn               (no ring)

@: appendages, wereblooded
A: horns 2, (nimble swimmer 2), mertail
a: End Transformation


You were on level 2 of the Dungeon.
You had temporarily grown beastly horns.
You visited 1 branch of the dungeon, and saw 2 of its levels.

You collected 112 gold pieces.

Inventory:

Missiles
 c - 34 stones (quivered)
Armour
 a - a +0 robe (worn)
Scrolls
 b - 2 scrolls of blinking {unknown}
 d - a scroll of immolation {unknown}
 e - a scroll of teleportation {unknown}
 i - 2 scrolls of vulnerability {unknown}
Potions
 f - a potion of degeneration {unknown}
 g - 2 potions of brilliance {unknown}
 h - a potion of might {unknown}


   Skills:
 + Level 2.2 Fighting
 + Level 3.6 Dodging
 * Level 4.4 Unarmed Combat
 - Level 2.0 Spellcasting
 + Level 3.6 Transmutations


You had one spell level left.
You knew the following spells:

 Your Spells              Type           Power      Damage    Failure   Level
a - Beastly Appendage     Tmut           22%        N/A       5%          1
b - Wereblood             Tmut           11%        N/A       9%          2
c - Spider Form           Tmut/Pois      6%         N/A       34%         3

Your spell library contained the following spells:

 Spells                   Type           Power      Damage    Failure   Level
 Slow                     Hex            4%         N/A       24%         1
 Confusing Touch          Hex            1%         N/A       56%         3
 Vampiric Draining        Necr           1%         2d6       56%         3
 Ice Form                 Ice/Tmut       6%         N/A       75%         4
 Fulminant Prism          Conj/Hex       0%         3d6       93%         4
 Iskenderun's Mystic Bla  Conj/Tloc      1%         2d3       93%         4
 Lee's Rapid Deconstruct  Erth           0%         3d5*      100%        5


Dungeon Overview and Level Annotations

Branches:
Dungeon (2/15)

Altars:


Innate Abilities, Weirdness & Mutations

You have temporarily grown beastly horns.
((You are quick and stealthy near water. (Stealth+, EV+, Speed+++)))
Your lower body shifts to a powerful aquatic tail in water.


Message History

c - 36 stones (gained 1)
A ball python and a gnoll come into view.
The ball python hisses angrily.
The gnoll shouts!
A gnoll comes into view. It is wielding a +0 whip.
The gnoll shouts!
You see here a +0 dagger.
There is a stone staircase leading up, spattered with blood here.
You throw a stone.
The stone hits the gnoll but does no damage.
You throw a stone.
The stone hits the gnoll but does no damage.
Casting: Beastly Appendage (safe; 5% risk of failure)
Confirm with . or Enter, or press ? or * to list all spells.
Your blood is infused with primal strength.
Casting: Wereblood (safe; 9% risk of failure)
Confirm with . or Enter, or press ? or * to list all spells.
You grow a pair of large bovine horns.
A gnoll comes into view. It is wielding a +0 halberd.
You barely miss the gnoll. The gnoll hits you with a +0 whip.
The gnoll shouts!
You hit the gnoll but do no damage. The gnoll hits you with a +0 whip!
You hit the gnoll but do no damage. The gnoll closely misses you.
The ball python closely misses you. The ball python grabs you.
The ball python constricts you.
You hit the ball python but do no damage.
You headbutt the ball python.
The ball python is moderately wounded.
The gnoll hits you with a +0 whip. The ball python bites you.
The ball python constricts you.
You hit the ball python. You headbutt the ball python.
You feel a bit better.
You kill the ball python!
The gnoll barely misses you.
You hit the gnoll.
The gnoll is lightly wounded.
The gnoll closely misses you. The gnoll hits you with a +0 club.
You hit the gnoll.
The gnoll is heavily wounded.
The gnoll barely misses you.
The gnoll hits you from afar with a +0 halberd!
You die...

....#.# #....##.#.#.###.#.......
..#.#.####....##.#.......#.......
..#...........)).#.#.##.†........
..#.#.####..####.#.#.##.##.#..#.#
..#.#.# ##..#.##.#.......#.#..#.#
..#.#.# #........#...............
.##.#.# ##....#..#.#.............
###.#.####.......g...............
###.........#...@g.###...#.......
.........).......#g..............
##...............#..((...........
##............#..#.##....#####...
##.....##................# #...
.......##..##.#............. ....
##.#.......##............### #.S.
##...>.##.......##.##...... ....
##.###.##..##.......#....... .g.


You could see 3 gnolls.

Vanquished Creatures
  3 gnolls (D:2)
  2 adders (D:2)
  A worm (D:2)
  2 dart slugs
  4 bats (D:2)
  4 endoplasms
  A giant cockroach (D:1)
  5 goblins
  2 hobgoblins (D:1)
  2 quokkas (D:2)
  5 ball pythons
  2 frilled lizards
  4 kobolds
  5 rats
42 creatures vanquished.

Notes
Turn   | Place    | Note
-------+----------+-------------------------------------------
     0 | D:1      | Gwenloh the Merfolk Transmuter began the quest for the Orb.
     0 | D:1      | Reached XP level 1. HP: 15/15 MP: 3/3
   307 | D:1      | Reached XP level 2. HP: 8/21 MP: 3/5
   310 | D:1      | Learned a level 2 spell: Wereblood
   577 | D:1      | HP: 1/21 [hobgoblin (7)]
  1380 | D:2      | Reached XP level 3. HP: 23/27 MP: 4/6
  1724 | D:2      | Reached skill level 4 in Unarmed Combat
  1901 | D:2      | Reached XP level 4. HP: 12/33 MP: 7/7
  1905 | D:2      | Learned a level 3 spell: Spider Form
  2846 | D:2      | Slain by a gnoll

Illustrated notes

Levels and vault maps discovered:
D:1:      wander_arrival_fairy_ring, layout_loops_cross, minmay_tetromino_s2
D:2:      layout_basic, chequers_serial_rivers_room_a

Skill      XL: |  1  2  3 |
---------------+----------+-----
Dodging        | 3 |  3.6
Transmutations | 3 |  3.6
Fighting       | 2 |  2.2
Unarmed Combat | 4 |  4.4
Spellcasting   | |  2.0

Action                   |  1- 3 |  4- 6 || total
-------------------------+-------+-------++-------
Melee: Unarmed           |    98 |    43 ||   141
       Headbutt          |     9 |     8 ||    17
       Punch             |     1 |       ||     1
Throw: Stone             |    57 |    39 ||    96
 Cast: Beastly Appendage |    19 |    13 ||    32
       Wereblood         |     2 |     1 ||     3
Armor: Robe              |    10 |    14 ||    24
Dodge: Dodged            |    55 |    26 ||    81

Table legend: (Time is in decaauts)
 A = Elapsed time spent in this place.
 B = Non-inter-level travel time spent in this place.
 C = Inter-level travel time spent in this place.
 D = Time resting spent in this place.
 E = Time spent auto-exploring this place.
 F = Levels seen in this place.
 G = Mean time per level.
                   A        B        C        D        E       F      G
               +--------+--------+--------+--------+--------+-----+--------+
         Total |   2845 |   2813 |     32 |      0 |   2380 |   2 | 1422.5 |
       Dungeon |   2845 |   2813 |     32 |      0 |   2380 |   2 | 1422.5 |
               +--------+--------+--------+--------+--------+-----+--------+

Top non-repeatable levels by time:
     D:1: 1531 daAuts
     D:2: 1314 daAuts
